 Dungeon Crawl Stone Soup version 0.30-a0-1176-gcdfb0321a8 (webtiles) character file.

Game seed: 4459629833807273148

659 Dadi the Conjurer (level 7, -7/36 HPs)
             Began as a Deep Elf Conjurer on Apr 29, 2023.
             Was a Follower of Vehumet.
             Shot with an arrow by a centaur (12 damage)
             ... on level 7 of the Dungeon.
             The game lasted 00:07:33 (4738 turns).

Dadi the Conjurer (Deep Elf Conjurer)               Turns: 4738, Time: 00:07:35

Health: -7/36      AC:  2    Str:  4    XL:     7   Next: 30%
Magic:  1/16       EV: 14    Int: 25    God:    Vehumet [*.....]
Gold:   321        SH:  0    Dex: 13    Spells: 5/16 levels left

rFire   . . .        r - +0 trident (freeze)
rCold   . . .        (no shield)
rNeg    . . .        a - +0 robe
rPois   .            (no helmet)
rElec   .            (no cloak)
rCorr   .            (no gloves)
SInv    .            (no boots)
Will    .....        (no amulet)
Stlth   ++           (no ring)
HPRegen 0.26/turn    (no ring)
MPRegen 0.15/turn

%: no passive effects
@: no status effects
A: no striking features
a: Renounce Religion


You were on level 7 of the Dungeon.
You worshipped Vehumet.
Vehumet was aware of your devotion.
You visited 2 branches of the dungeon, and saw 8 of its levels.

You collected 321 gold pieces.

Inventory:

Hand Weapons
 n - a +0 dagger
 r - a +0 trident of freezing (weapon)
Missiles
 s - a throwing net
Armour
 a - a +0 robe (worn)
Wands
 t - a wand of digging (4)
Scrolls
 d - 2 scrolls of fear {unknown}
 e - 2 scrolls of teleportation {unknown}
 g - 3 scrolls of immolation {unknown}
 h - 3 scrolls of identify {unknown}
 i - a scroll of torment {unknown}
 k - a scroll of vulnerability {unknown}
 m - a scroll of poison {unknown}
Potions
 b - a potion of magic
 c - 2 potions of attraction {unknown}
 f - a potion of lignification {unknown}
 j - 3 potions of haste {unknown}
 l - 2 potions of might {unknown}
 o - a potion of curing {unknown}
 p - 3 potions of degeneration {unknown}
 q - 2 potions of brilliance {unknown}


   Skills:
 + Level 6.0 Dodging
 - Level 2.4 Stealth
 - Level 5.0 Spellcasting
 - Level 6.0 Conjurations
 + Level 5.5 Hexes


You had 5 spell levels left.
You knew the following spells:

 Your Spells              Type           Power      Damage    Failure   Level
a - Magic Dart            Conj           100%       1d8       1%          1
b - Searing Ray           Conj           72%        2d7       1%          2
c - Dazzling Flash        Conj/Hex       70%        N/A       2%          3
d - Iskenderun's Mystic   Conj/Tloc      21%        2d6       24%         4
e - Foxfire               Conj/Fire      84%        2x1d8     2%          1

Your spell library contained the following spells:

 Spells                   Type           Power      Damage    Failure   Level
 Fulminant Prism          Conj/Hex       17%        3d10      8%          4
 Conjure Ball Lightning   Conj/Air       10%        3x3d6     98%         6
 Discord                  Hex            17%        N/A       100%        8
 Disjunction              Tloc           3%         N/A       100%        8


Dungeon Overview and Level Annotations

Branches:
Dungeon (7/15)             Temple (1/1) D:7

Altars:
Fedhas
Hepliaklqana
Kikubaaqudgha
Nemelex Xobeh
Okawaru
Qazlal
Ru
Sif Muna
Trog
Uskayaw
Vehumet
Wu Jian
Xom
Yredelemnul

Shops:
D:1 [

Annotations:
Temple 4 transporters


Message History

The foxfire hits the orc.
You kill the orc!
Vehumet accepts your kill.
You feel your power returning.
Your Dodging skill increases to level 6!
The magic dart hits the orc.
The orc is moderately wounded.
The foxfire hits the orc.
The orc is severely wounded.
The magic dart hits the orc.
You kill the orc!
Vehumet accepts your kill.
The magic dart hits the centaur.
The centaur is lightly wounded.
The centaur wields a +0 shortbow.
The centaur shoots an arrow.
The arrow barely misses you.
An orc comes into view. It is wielding a +0 morningstar.
The orc shouts!
Casting: Magic Dart (safe; 1% risk of failure)
Confirm with . or Enter, or press ? or * to list all spells.
Aiming: Searing Ray (safe; 1% risk of failure)
Press: ? - help, Shift-Dir - straight line, f - orc, p - centaur
Aim: an orc, wielding a +0 flail (81% to hit)
The searing ray hits the centaur!
The centaur is heavily wounded.
The searing ray misses the orc. (Press . to maintain the ray.)
The centaur shoots an arrow.
The arrow hits you.
The searing ray hits the centaur but does no damage.
The centaur is heavily wounded.
The searing ray hits the orc.
The orc is severely wounded.
The centaur shoots an arrow.
The arrow hits you!
The searing ray hits the orc!
You kill the orc!
Vehumet accepts your kill.
The centaur shoots an arrow.
The arrow hits you!
* * * LOW HITPOINT WARNING * * *
The centaur shoots an arrow.
The arrow hits you!
You die...

.#...................#
#......
.#.............#######.
#......
.#.............#.......
#......
.#.............#.......
#.....#
.#.............'....# +#
#.....#
.#.............#....# ...
#......
.#.............######....
#......
.#........#+###..........
#.[.... ###########
#.@........ #......
#.......... #......
#.$........ ###+###
#c)....#### .o......#
.).......# ...........#
co.........# ...........#


You could see a centaur and an orc.

Vanquished Creatures
  A water moccasin (D:7)
  3 bullfrogs (D:7)
  A scorpion (D:7)
  A jelly (D:6)
  2 hounds
  2 orc wizards
  3 adders
  3 gnolls (D:2)
  An ufetubus (D:4)
  A worm (D:3)
  A dart slug (D:3)
  15 orcs
  12 ball pythons
  10 endoplasms
  7 goblins
  7 hobgoblins
  4 jackals (D:2)
  2 kobolds
  3 quokkas (D:1)
  5 bats
  7 frilled lizards
  8 rats
99 creatures vanquished.

Vanquished Creatures (others)
  8 foxfires (D:7)
8 creatures vanquished.

Grand Total: 107 creatures vanquished

Notes
Turn   | Place    | Note
-------+----------+-------------------------------------------
     0 | D:1      | Dadi the Deep Elf Conjurer began the quest for the Orb.
     0 | D:1      | Reached XP level 1. HP: 10/10 MP: 6/6
   176 | D:1      | Found Utiarargh's Armour Shop.
   198 | D:1      | Reached XP level 2. HP: 15/15 MP: 4/8
   272 | D:1      | Learned a level 2 spell: Searing Ray
   601 | D:1      | Found a faded altar of an unknown god.
   760 | D:1      | Reached skill level 5 in Conjurations
   760 | D:1      | Reached XP level 3. HP: 19/19 MP: 8/10
  1100 | D:2      | Found an ancient bone altar of Kikubaaqudgha.
  1165 | D:2      | Identified the +0 helmet "Bitoxol" {rF+ rC- rN+ Regen+}
  1889 | D:2      | Reached XP level 4. HP: 24/24 MP: 6/12
  1995 | D:3      | Found an ornate altar of the Wu Jian Council.
  2021 | D:3      | Found a radiant altar of Vehumet.
  2030 | D:3      | Became a worshipper of Vehumet
  2083 | D:3      | Learned a level 3 spell: Dazzling Flash
  2088 | D:3      | Learned a level 4 spell: Iskenderun's Mystic Blast
  2254 | D:3      | Reached skill level 5 in Spellcasting
  2549 | D:3      | Reached skill level 1 in Hexes
  3493 | D:4      | Reached XP level 5. HP: 28/28 MP: 11/14
  3631 | D:4      | Reached * piety under Vehumet
  3631 | D:4      | Offered knowledge of Foxfire by Vehumet.
  3665 | D:4      | Learned a level 1 spell: Foxfire
  3880 | D:4      | You fall into a shaft and drop 1 floor!
  3880 | D:5      | Entered Level 5 of the Dungeon
  3996 | D:5      | Found a stormy altar of Qazlal.
  4050 | D:5      | Noticed a phantom
  4057 | D:6      | Reached XP level 6. HP: 32/32 MP: 7/15
  4287 | D:7      | Found a staircase to the Ecumenical Temple.
  4296 | D:7      | Reached skill level 5 in Dodging
  4404 | Temple   | Entered the Ecumenical Temple
  4404 | Temple   | Found a transporter.
  4404 | Temple   | Found a transporter.
  4406 | Temple   | Found a transporter.
  4406 | Temple   | Found a transporter.
  4498 | D:7      | Found a sacrificial altar of Ru.
  4553 | D:6      | Noticed a sky beast
  4561 | D:7      | Reached XP level 7. HP: 8/36 MP: 8/16
  4722 | D:7      | Reached skill level 5 in Hexes
  4738 | D:7      | Shot with an arrow by a centaur

Illustrated notes

Levels and vault maps discovered:
D:1:      evilmike_arrival_crescent, layout_basic,
          shapermc_ecumenical_altar_ellora, serial_shops, shop, minmay_distorted
D:2:      layout_basic, basic_altar
D:3:      layout_loops_corners, nicolae_overflow_squiral
D:4:      layout_loops_corners
D:5:      layout_rooms, grunt_dithmenos_shadows,
          nicolae_gozag_cash_rules_everything_around_me,
          nicolae_qazlal_scattered_showers
D:6:      layout_basic, old_standard_altar, jmf_multi_god_temple2, st_stairs_3,
          minmay_door_square, dk_noncrumbling_4, uniq_crazy_yiuf_cottage,
          uniq_prince_ribbit1, uniq_blork_the_orc, uniq_eustachio
D:7:      minmay_chambers_of_sevens, layout_gridville,
          minmay_temple_entry_purple_smoke, hangedman_feature_mirror
Temple:   hellmonk_temple_divided_pantheon

Skill      XL: |  1  2  3  4  5  6  7 |
---------------+----------------------+-----
Spellcasting   | 4 5 |  5.0
Conjurations   | 5 6 |  6.0
Hexes          | 1 3 4 5 |  5.5
Dodging        | 4 5 6 |  6.0
Stealth        | |  2.4

Action                     |  1- 3 |  4- 6 |  7- 9 || total
---------------------------+-------+-------+-------++-------
   Cast: Magic Dart        |    82 |    95 |    10 ||   187
         Searing Ray       |       |     9 |     2 ||    11
         Foxfire           |       |     1 |     3 ||     4
 Armour: Robe              |     2 |     2 |       ||     4
  Dodge: Dodged            |    16 |    13 |     1 ||    30

Table legend: (Time is in decaauts)
 A = Elapsed time spent in this place.
 B = Non-inter-level travel time spent in this place.
 C = Inter-level travel time spent in this place.
 D = Time resting spent in this place.
 E = Time spent auto-exploring this place.
 F = Levels seen in this place.
 G = Mean time per level.
                   A        B        C        D        E       F      G
               +--------+--------+--------+--------+--------+-----+--------+
         Total |   4737 |   4454 |    283 |    888 |   3043 |   8 |  592.1 |
       Dungeon |   4713 |   4441 |    272 |    888 |   3037 |   7 |  673.3 |
        Temple |     23 |     12 |     11 |      0 |      6 |   1 |   23.0 |
               +--------+--------+--------+--------+--------+-----+--------+

Top non-repeatable levels by time:
     D:3: 1514 daAuts
     D:1: 1172 daAuts
     D:2: 773 daAuts
     D:7: 629 daAuts
     D:4: 420 daAuts
     D:5: 172 daAuts
     D:6: 31 daAuts
  Temple: 23 daAuts
